 Dungeon Crawl Stone Soup version 0.22-a0-872-g6a232dd (webtiles) character file.

93 prawnwizard the Skirmisher (level 4, -5/36 HPs)
             Began as a Demonspawn Fighter on July 28, 2018.
             Killed by divine providence
             ... invoked by an orc priest
              (9 damage)
             ... on level 3 of the Dungeon.
             The game lasted 00:01:59 (1973 turns).

prawnwizard the Skirmisher (Demonspawn Fighter)     Turns: 1973, Time: 00:01:59

Health: -5/36      AC: 10    Str: 18    XL:     4   Next: 37%
Magic:  4/4        EV:  7    Int:  9    God:
Gold:   199        SH:  0    Dex: 12    Spells: 3/3 levels left

rFire    . . .     SeeInvis .   a - +0 long sword
rCold    . . .     Gourm    .   (no shield)
rNeg     . . .     Faith    .   p - +0 chain mail
rPois    .         Spirit   .   (no helmet)
rElec    .         Reflect  .   (no cloak)
rCorr    .         Harm     .   (no gloves)
MR       .....                  (no boots)
Stlth    ..........             (no amulet)
HPRegen  0.12/turn              (no ring)
MPRegen  0.09/turn              (no ring)

@: no status effects
A: thin metallic scales 1, nightstalker 1
a: no special abilities


You were on level 3 of the Dungeon.
You were hungry.

You visited 1 branch of the dungeon, and saw 3 of its levels.

You collected 199 gold pieces.

Inventory:

Hand Weapons
 a - a +0 long sword (weapon)
Armour
 b - a +0 scale mail
 p - a +0 chain mail (worn)
Wands
 m - a wand of polymorph (9)
 t - a wand of acid (5)
Scrolls
 c - a scroll of enchant weapon {unknown}
 i - 2 scrolls of fog {unknown}
 j - 3 scrolls of remove curse {unknown}
 k - 3 scrolls of identify {unknown}
 n - a scroll of fear {unknown}
 q - a scroll of blinking {unknown}
 s - 2 scrolls of random uselessness {unknown}
Potions
 d - a potion of might
 e - 5 potions of degeneration {unknown}
 g - 2 potions of heal wounds {unknown}
 h - a potion of cancellation {unknown}
 l - a potion of brilliance {unknown}
 o - 3 potions of curing {unknown}
 r - 2 potions of haste {unknown}
Comestibles
 f - 6 rations


   Skills:
 + Level 3.6 Fighting
 * Level 3.2 Long Blades
 - Level 2.7 Armour
 + Level 1.5 Dodging
   Level 2.6 Shields


You had 3 spell levels left.
You didn't know any spells.
Your spell library was empty.

Dungeon Overview and Level Annotations

Branches:
Dungeon (3/15)

Altars:
Elyvilon
Nemelex Xobeh


Innate Abilities, Weirdness & Mutations

You are partially covered in thin metallic scales. (AC +2)
You are slightly more attuned to the shadows.


Message History

The orc priest is almost dead.
The orc priest hits you.
An orc comes into view. It is wielding a club.
The orc priest mumbles some strange prayers to Beogh against you.
Beogh smites you!
The orc shouts!
You hit the orc priest but do no damage.
The orc priest is severely wounded.
The orc priest looks braver for a moment.
The orc priest hits you.
You closely miss the orc priest.
The orc priest is severely wounded.
The orc priest calls down the wrath of Beogh upon you.
Beogh smites you!
* * * LOW HITPOINT WARNING * * *
You closely miss the orc priest.
The orc priest is severely wounded.
The orc priest mumbles some strange prayers to Beogh against you.
Beogh smites you!
You die...

............## #.#
###(.........# #.#
#......#..# #.#
#......#..###.#
#......#...##.####
####......#.........#
..........###.##.##.###
..........#............
..........#.##.#@...###
..........#. #.#oo.....
))....##### #.......$#
)....## .........
....## ##.o#....# ...##
##o#....# ...# #.#....#
...# ...#


You could see 2 orc priests and 2 orcs.

Vanquished Creatures
  3 adders (D:2)
  2 oozes
  A dart slug (D:2)
  2 leopard geckos
  4 orcs (D:3)
  3 bats
  4 giant cockroaches
  2 goblins
  9 hobgoblins
  6 jackals
  A ball python (D:3)
  2 frilled lizards
  2 kobolds
  5 rats
46 creatures vanquished.

Notes
Turn   | Place    | Note
-------+----------+-------------------------------------------
     0 | D:1      | prawnwizard the Demonspawn Fighter began the quest for the Orb.
     0 | D:1      | Reached XP level 1. HP: 18/18 MP: 1/1
   372 | D:1      | Gained mutation: You are partially covered in thin metallic scales. (AC +2) [demonic ancestry]
   372 | D:1      | Reached XP level 2. HP: 23/24 MP: 2/2
   686 | D:2      | Reached skill level 1 in Dodging
   687 | D:2      | Gained mutation: You are slightly more attuned to the shadows. [demonic ancestry]
   687 | D:2      | Reached XP level 3. HP: 18/29 MP: 3/3
  1107 | D:2      | Found a sparkling altar of Nemelex Xobeh.
  1189 | D:2      | Reached XP level 4. HP: 35/35 MP: 4/4
  1310 | D:3      | Found a white marble altar of Elyvilon.
  1973 | D:3      | Killed from afar by an orc priest

Vault maps used:
D:1:      dpeg_arrival_ternary
D:2:      nemelex_altar_shiori
D:3:      tgw_trog, elyvilon_altar_4

Skill      XL: |  1  2  3 |
---------------+----------+-----
Long Blades    | 2 3 |  3.2
Dodging        | 1 |  1.5
Fighting       | |  3.6
Armour         | |  2.7
Shields        | |  2.6

Action                   |  1- 3 |  4- 6 || total
-------------------------+-------+-------++-------
Melee: Long sword        |    88 |    47 ||   135
  Eat: Chunk             |     1 |     2 ||     3
Armor: Scale mail        |    39 |       ||    39
       Chain mail        |    20 |    39 ||    59
Dodge: Dodged            |    58 |    25 ||    83
       Rpst.: Long sword |    24 |     4 ||    28

Table legend:
 A = Spawn XP
 B = Non-spawn XP
 C = Spawn XP percentage of total XP
 D = Spawn monster count
 E = Non-spawn monster count
 F = Spawn count percentage of total count
 G = Total turns spent on level
                    A         B        C        D         E        F      G
               +---------+---------+-------+---------+---------+-------+---------
         Total |       0 |     134 |   0.0 |       0 |      46 |   0.0 |  1973
               +---------+---------+-------+---------+---------+-------+---------
           D:1 |       0 |      25 |   0.0 |       0 |      11 |   0.0 |   642
           D:2 |       0 |      84 |   0.0 |       0 |      23 |   0.0 |   639
           D:3 |       0 |      25 |   0.0 |       0 |      12 |   0.0 |   692
               +---------+---------+-------+---------+---------+-------+---------
